 Dungeon Crawl Stone Soup version 0.27-a0-412-g8dd771eca2 (webtiles) character file.

Game seed: 9689334665122412052

194 Nattfarinn the Skirmisher (level 5, 0/45 HPs)
             Began as a Demigod Transmuter on Feb 24, 2021.
             Succumbed to an adder's poison
             ... on level 2 of the Dungeon.
             The game lasted 00:08:53 (4183 turns).

Nattfarinn the Skirmisher (Demigod Transmuter)      Turns: 4183, Time: 00:08:54

Health: 0/45       AC:  4    Str: 11      XL:     5   Next: 20%
Magic:  10/10      EV: 12    Int: 16 (19) God:
Gold:   173        SH:  0    Dex: 12 (14) Spells: 6/7 levels left

rFire    . . .     SeeInvis .   c - +0 dagger
rCold    . . .     Faith    .   (no shield)
rNeg     . . .     Spirit   .   p - +0 leather armour
rPois    .         Reflect  .   (no helmet)
rElec    .         Harm     .   (no cloak)
rCorr    .         Rampage  .   (no gloves)
Will     .....                  d - +0 pair of boots
Stlth    +.........             (no amulet)
HPRegen  0.15/turn              k - ring of flight
MPRegen  0.12/turn              (no ring)

@: lethally poisoned (0 -> -8)
A: high mp 1
a: Evoke Flight


You were on level 2 of the Dungeon.
You visited 1 branch of the dungeon, and saw 4 of its levels.

You collected 173 gold pieces.

Inventory:

Hand Weapons
 c - a +0 dagger (weapon)
Armour
 a - a +0 robe
 b - a +0 chain mail
 d - a +0 pair of boots (worn)
 p - a +0 leather armour (worn)
Jewellery
 k - a ring of flight (left hand)
Scrolls
 e - 2 scrolls of fear {unknown}
 i - a scroll of magic mapping {unknown}
 j - 2 scrolls of identify {unknown}
 l - 2 scrolls of teleportation {unknown}
 o - a scroll of amnesia {unknown}
 q - a scroll of blinking
Potions
 h - a potion of degeneration


   Skills:
 * Level 3.5 Fighting
 + Level 2.1 Armour
 + Level 3.0 Dodging
 - Level 2.6 Unarmed Combat
 - Level 1.7 Spellcasting
 - Level 1.8 Transmutations


You had 6 spell levels left.
You knew the following spells:

 Your Spells              Type           Power        Failure   Level
a - Beastly Appendage     Tmut           14%          13%         1

Your spell library contained the following spells:

 Spells                   Type           Power        Failure   Level
 Wereblood                Tmut           7%           21%         2
 Spider Form              Tmut/Pois      2%           50%         3
 Ice Form                 Ice/Tmut       4%           88%         4
 Blade Hands              Tmut           3%           98%         5


Dungeon Overview and Level Annotations

Branches:
Dungeon (4/15)
 Temple: D:4-7


Innate Abilities, Weirdness & Mutations

You have an increased reservoir of magic. (+10% MP)


Message History

It was a scroll of blinking.
You feel sick.
You feel sick.
You feel sick.
You feel sick.
You feel sick.
You feel sick.
You are no longer poisoned.
The adder barely misses you. The adder bites you.
You are poisoned.
The adder poisons you!
You feel sick.
You feel sick. The adder bites you.
You feel sick. The adder misses you.
You feel sick. The adder bites you.
* * * LOW HITPOINT WARNING * * *
You are more poisoned.
The adder poisons you!
Blink to where?
Press: ? - help, Dir - move target
As you read the scroll of blinking, it crumbles to dust.
You feel sick. The adder bites you.
* * * LOW HITPOINT WARNING * * *
You are more poisoned.
The adder poisons you!
You climb upwards.
* * * LOW HITPOINT WARNING * * *
You feel sick.
There is a stone staircase leading down here.
Okay, then.
* * * LOW HITPOINT WARNING * * *
You feel sick.
* * * LOW HITPOINT WARNING * * *
You feel sick.
You die...

########## #........#
#.###.#### #.###.# #.#...#
#################.....###
................@.S>....#
.......####.#####.###.#.#
.......'..............#.#
.......####.#####....##.#
.......####'###......##.#
.......#.†...####.#..##.####
.......#.....'.............#
....(..#.....####.#..#######
.......####'## #.#..#


You could see an adder.

Vanquished Creatures
  A water moccasin skeleton (D:3)
  An orc priest (D:3)
  An orc wizard (D:3)
  4 adders
  3 worms (D:2)
  A dart slug (D:2)
  4 orcs (D:3)
  3 bats
  6 giant cockroaches
  2 goblins
  3 hobgoblins
  3 frilled lizards
  6 kobolds
  6 rats
44 creatures vanquished.

Notes
Turn   | Place    | Note
-------+----------+-------------------------------------------
     0 | D:1      | Nattfarinn the Demigod Transmuter began the quest for the
                  | Orb.
     0 | D:1      | Reached XP level 1. HP: 15/15 MP: 5/5
   184 | D:1      | Reached skill level 1 in Fighting
   817 | D:2      | Reached XP level 2. HP: 22/23 MP: 7/7
  1079 | D:2      | HP: 1/24 [worm (5)]
  1793 | D:2      | Found an opulent altar of Gozag.
  1897 | D:2      | Reached skill level 1 in Armour
  1958 | D:2      | Reached XP level 3. HP: 13/29 MP: 8/8
  2702 | D:3      | Found a blossoming altar of Fedhas.
  2791 | D:3      | Reached XP level 4. HP: 30/37 MP: 9/9
  2880 | D:3      | Found a glowing drain.
  3898 | D:3      | Reached XP level 5. HP: 20/45 MP: 8/10
  4181 | D:2      | HP: 2/45 [poisoned by an adder]
  4183 | D:2      | Succumbed to an adder's poison

Illustrated notes

Levels and vault maps discovered:
D:1:      dpeg_arrival_three_same_balls, layout_basic, roderic_st_hans_cross
D:2:      layout_basic, lemuel_crystal_altar
D:3:      layout_basic, gup_sewer_entry_glass, minmay_misc_feat_alley,
          hangedman_decor_diamond_cutter, minivault_26, fedhas_altar_2
D:4:      layout_cave_pools, minmay_temple_entry_mini_moons, minmay_unequal,
          uniq_robin

Skill      XL: |  1  2  3  4  5 |
---------------+----------------+-----
Fighting       | 1 2 3 |  3.5
Dodging        | 2 3 |  3.0
Armour         | 1 2 |  2.1
Unarmed Combat | |  2.6
Spellcasting   | |  1.7
Transmutations | |  1.8

Action                   |  1- 3 |  4- 6 || total
-------------------------+-------+-------++-------
Melee: Dagger            |   221 |   118 ||   339
       Unarmed           |     2 |       ||     2
       Punch             |     1 |       ||     1
       Headbutt          |       |     1 ||     1
Throw: Dart              |     5 |     8 ||    13
 Cast: Beastly Appendage |       |     2 ||     2
  Use: Potion            |     1 |     6 ||     7
       Scroll            |       |     2 ||     2
Armor: Chain mail        |   134 |     3 ||   137
       Leather armour    |       |    40 ||    40
Dodge: Dodged            |    41 |    87 ||   128

Table legend: (Time is in decaauts)
 A = Elapsed time spent in this place.
 B = Non-inter-level travel time spent in this place.
 C = Inter-level travel time spent in this place.
 D = Time resting spent in this place.
 E = Time spent auto-exploring this place.
 F = Levels seen in this place.
 G = Mean time per level.
                   A        B        C        D        E       F      G
               +--------+--------+--------+--------+--------+-----+--------+
         Total |   4168 |   3992 |    176 |   1149 |   2096 |   4 | 1042.0 |
       Dungeon |   4168 |   3992 |    176 |   1149 |   2096 |   4 | 1042.0 |
               +--------+--------+--------+--------+--------+-----+--------+

Top non-repeatable levels by time:
     D:3: 1705 daAuts
     D:2: 1647 daAuts
     D:1: 810 daAuts
     D:4: 5 daAuts
